[Event "*** Titled Tuesday Blitz"]
[Site "Chess.com"]
[Date "2018.08.07"]
[Round "7"]
[White "Caisachess"]
[Black "Manukyan_Artak"]
[Result "0-1"]
[WhiteElo "2242"]
[BlackElo "2344"]
[TimeControl "180+2"]
[EndTime "14:35:30 PDT"]
[Termination "Manukyan_Artak won by resignation"]

1. e4 e6 2. d4 d5 3. Bd3 dxe4 4. Bxe4 Nf6 5. Bf3 c6 6. Ne2 Bd6 7. c4 O-O 8. O-O Nbd7 9. Nbc3 Re8 10. Ng3 Qc7 11.
Re1 Bf4 12. Bxf4 Qxf4 13. Nge4 Rd8 14. g3 Qc7 15. Qe2 b6 16. Rad1 Bb7 17. Ng5 Nf8 18.
Qe5 Qxe5 19. dxe5 Rxd1 20. Rxd1 N6d7 21. Re1 Ng6 22. Bg2 Ndxe5 23. c5 bxc5 24. Na4 Nd3 25. Rd1 c4 26. b3 Ba6 27. bxc4 Bxc4 28. Bf1 Bb5 29. Nc3 Nb2 30. Rd7 Bxf1 31. Kxf1 Ne5 32. Rc7 h6 33. Nge4 Nbd3 34. f4 Ng4 35. Ke2 Nb4 36. Nd6 Nf6 37. Nxf7 Nfd5 38. Nxd5 Nxd5 39.
Rb7 c5 40. Nd6 Rd8 41. Nc4 Nc3+ 42. Ke3 Nxa2 43. Rxa7 Nb4 44. Rc7 Rd3+ 45. Ke4 Rd4+ 46. Ke5 Rxc4 47. Kxe6 Rc1 48. f5 c4 49. f6 gxf6 50.
Rc8+ Kh7 51. Kxf6 Nd5+ 52. Ke6 Ne3 53. Kf6 Rf1+ 54. Ke6 Kg6 55. g4 Kg5 56. h3 Rc1 57. Rg8+ Kf4 58. Rg6 c3 59. Rf6+ Ke4 60. Rxh6 c2 0-1

[Event "*** Titled Tuesday Blitz"]
[Site "Chess.com"]
[Date "2018.08.07"]
[Round "7"]
[White "Mbneu"]
[Black "ShadyH9"]
[Result "1-0"]
[WhiteElo "2282"]
[BlackElo "2238"]
[TimeControl "180+2"]
[EndTime "14:35:44 PDT"]
[Termination "Mbneu won by resignation"]

1. d4 d6 2. f4 Nf6 3. c4 g6 4. Nc3 Bg7 5. e4 O-O 6. Nf3 c5 7. d5 e6 8. Be2 exd5 9. cxd5 Bg4 10. e5 Ne8 11. e6 fxe6 12. O-O Nf6 13. Ng5 Bxe2 14.
Qxe2 exd5 15. Qe6+ Kh8 16. Nxd5 Nxd5 17. Qxd5 Qd7 18. Ne6 Rf5 19. Qe4 Nc6 20. Nxg7 Kxg7 21. Bd2 Re8 22. Bc3+ Kg8 23. Qc2 Nd4 24. Bxd4 cxd4 25. Qc4+ Qe6 26. Qxd4 Qe3+ 27. Qxe3 Rxe3 28. g3 Rb5 29. b3 Rd5 30. Rad1 Red3 31. Rxd3 Rxd3 32.
Rf2 Kf7 33. Re2 b5 34. Kf2 a5 35.
Rc2 h5 36. Ke2 Rd5 37. Rd2 Rc5 38. Rxd6 Rc2+ 39. Rd2 Rc1 40. Kf3 Ke6 41. Re2+ Kf5 42.
Re5+ Kf6 43. Rxb5 Rc3+ 44. Ke4 a4 45. Rb6+ Kf7 46. f5 gxf5+ 47. Kxf5 Rc5+ 48. Ke4 axb3 49. axb3 Rc2 50. h4 Rc3 51. Kf4 Kg7 52. b4 Rc4+ 53.
Kf5 Rg4 54. Rb7+ Kh6 55. Rb8 Rxg3 56. Rh8+ Kg7 57. Rxh5 Rb3 58. Rg5+ Kh6 59. Rg4 Kh5 60.
Re4 Rf3+ 61. Ke5 Kg6 62. Kd5 Kf7 63. b5 Rb3 64. Kc5 1-0

[Event "*** Titled Tuesday Blitz"]
[Site "Chess.com"]
[Date "2018.08.07"]
[Round "7"]
[White "GMKrikor"]
[Black "Makalexa"]
[Result "1/2-1/2"]
[WhiteElo "2761"]
[BlackElo "2115"]
[TimeControl "180+2"]
[EndTime "14:35:45 PDT"]
[Termination "Game drawn by repetition"]

1. e4 e5 2. Bc4 Nf6 3. d3 c6 4. Nf3 d5 5. Bb3 Bb4+ 6. Bd2 Bxd2+ 7. Nbxd2 Nbd7 8. O-O O-O 9. exd5 Nxd5 10. Re1 f6 11. d4 exd4 12. Bxd5+ cxd5 13. Nxd4 Ne5 14. N2f3 Bg4 15.
h3 Nxf3+ 16. Nxf3 Bh5 17. Qd3 Bg6 18. Qd2 Rc8 19. Nd4 Qd7 20. Re3 Rfe8 21. Rae1 Rxe3 22. Rxe3 Re8 23. Rxe8+ Bxe8 24. Qb4 Bg6 25. Qc5 b6 26. Qa3 h5 27. Qe3 Bf7 28. c3 Qe8 29. Qxe8+ Bxe8 30. f4 Kf7 31. Kf2 Bd7 32. f5 Ke7 33. Ke3 Kd6 34. Kf4 a5 35. b3 Be8 36. h4 Bd7 37. b4 Bc8 38. a3 Bd7 39. Ne2 Be8 40. g3 Kc6 41. Nd4+ Kd6 42. Nb3 Ba4 43. Nd2 Bd7 44. Nf3 Kc6 45. Nd4+ Kd6 46. Ne2 Kc6 47. Nd4+ Kd6 48. Nc2 Kc6 49. Ne3 Kd6 50. g4 hxg4 51. Nxg4 Kc6 52. Ne3 Kd6 53. Nc2 Ba4 54. Nd4 Bd7 55.
Nb3 Ba4 56. Nd4 Bd7 57. Nf3 Kc6 58. Nd4+ Kd6 59. Nc2 Ba4 60. Ne3 Bd7 61. Nc2 Kc6 62. Nd4+ Kd6 63. Nb3 Ba4 64. Nd4 Bd7 1/2-1/2

[Event "*** Titled Tuesday Blitz"]
[Site "Chess.com"]
[Date "2018.08.07"]
[Round "7"]
[White "yoolund"]
[Black "Chakraborty-ARZ"]
[Result "1-0"]
[WhiteElo "2514"]
[BlackElo "2428"]
[TimeControl "180+2"]
[EndTime "14:35:48 PDT"]
[Termination "yoolund won by resignation"]

1. b3 e5 2. Bb2 Nc6 3. e3 Nf6 4. Nf3 Bd6 5. Nc3 a6 6. d4 O-O 7. Be2 exd4 8. Nxd4 Re8 9. O-O Bf8 10. Nxc6 dxc6 11.
Qxd8 Rxd8 12. Rfd1 Bf5 13. Bd3 Bg6 14. Bxg6 hxg6 15. Ne2 Bc5 16. Bxf6 gxf6 17. Kf1 Kf8 18. c3 Ke7 19. Ke1 Bd6 20. h3 Be5 21. Rxd8 Rxd8 22. Rd1 Rxd1+ 23. Kxd1 b5 24. Kc2 c5 25. Kd3 f5 26. g4 Ke6 27. f4 Bg7 28. Ng3 fxg4 29.
hxg4 Kd5 30. e4+ Ke6 31. c4 c6 32. e5 g5 33. fxg5 Kxe5 34. Ne4 Bf8 35. Ke3 Be7 36. Nf6 Bxf6 37. gxf6 Kxf6 38. Kf4 Ke6 39. g5 a5 40. a4 b4 41. Ke4 Ke7 42. Ke5 Kf8 43. Kd6 Kg7 44.
Kxc5 Kg6 45. Kxc6 Kxg5 46. Kd5 f5 47. c5 f4 48. c6 f3 49. c7 f2 50. c8=Q f1=Q 51.
Qg8+ Kh4 52. Qh7+ Kg3 53. Qg6+ Kh2 54. Qh5+ Kg1 55. Qg5+ Kh1 56. Qh4+ Kg1 57. Qd4+ Kh1 58.
Kc5 Qb1 59. Qd5+ Kg1 60. Kb5 Kf1 61. Kxa5 Ke2 62. Kxb4 Qe1+ 63. Kb5 Qb1 64. a5 Qh7 65. a6 Qc7 66. Qc4+ 1-0

[Event "*** Titled Tuesday Blitz"]
[Site "Chess.com"]
[Date "2018.08.07"]
[Round "7"]
[White "BillieKimbah"]
[Black "penguingm1"]
[Result "0-1"]
[WhiteElo "2808"]
[BlackElo "2841"]
[TimeControl "180+2"]
[EndTime "14:35:54 PDT"]
[Termination "penguingm1 won on time"]

1. Nf3 d5 2. g3 Nf6 3. Bg2 e6 4. O-O Be7 5. c4 O-O 6. Ne5 Nbd7 7. d4 c6 8. Nc3 Nxe5 9. dxe5 Nd7 10. cxd5 cxd5 11.
f4 b6 12. Be3 Ba6 13. Rc1 Rc8 14. Bf2 b5 15. a3 Qa5 16. e4 d4 17. Qxd4 Nb6 18.
Rfd1 Bc5 19. Qxc5 Rxc5 20. Bxc5 Nc4 21. Bf1 Nxb2 22. Rd7 Rc8 23. Bd4 h6 24. Rb1 Qxa3 25. Ne2 Nc4 26. Rxa7 Nd2 27. Ra1 Qd3 28. R7xa6 Nxf1 29.
Kxf1 Rc2 30. Re1 b4 31. Rd6 b3 32. Kf2 Qxe4 33. Rd8+ Kh7 34. Be3 b2 35. Rb8 Qd3 36.
h4 h5 37. Kf3 Rxe2 38. Rxe2 b1=Q 39. Rxb1 Qxb1 40. Bf2 Kg6 41. Kg2 Qb7+ 42. Kg1 Kf5 43.
Re3 Kg4 44. Kh2 Qb2 45. Kg2 Qc2 46. Ra3 Qc6+ 47. Kh2 f6 48. Re3 fxe5 49. Rxe5 Kf3 50. Kg1 Qc1+ 51. Re1 Qd2 52. Re3+ Qxe3 53. Bxe3 Kxe3 54. Kg2 Ke2 55. Kh2 Kf2 56. Kh3 g6 57. Kh2 Kf1 58. Kh1 Ke1 59. Kg1 Ke2 60. Kg2 Ke3 61. Kh1 Kf3 62. Kh2 Kf2 63. Kh3 Kg1 64. g4 Kf2 65. gxh5 gxh5 66. f5 exf5 67. Kh2 f4 0-1

[Event "*** Titled Tuesday Blitz"]
[Site "Chess.com"]
[Date "2018.08.07"]
[Round "7"]
[White "chess4life23"]
[Black "BlackBoarder"]
[Result "1/2-1/2"]
[WhiteElo "2296"]
[BlackElo "2386"]
[TimeControl "180+2"]
[EndTime "14:35:56 PDT"]
[Termination "Game drawn by agreement"]

1. Nf3 Nf6 2. d4 e6 3. c4 d5 4. Nc3 Bb4 5. a3 Bxc3+ 6. bxc3 O-O 7. Bg5 b6 8. e3 Ba6 9. Ne5 dxc4 10. Qf3 Qd5 11.
Bxf6 Qxf3 12. gxf3 gxf6 13. Nxc4 Nd7 14. f4 Bxc4 15. Bxc4 f5 16. a4 Kg7 17. a5 Kf6 18.
Bb5 Ke7 19. Bc6 Rac8 20. Kd2 Nf6 21. axb6 axb6 22. Ra7 Kd6 23. Bb7 Rb8 24. Bf3 Ne4+ 25. Bxe4 fxe4 26. c4 Ra8 27. Rha1 Rxa7 28. Rxa7 Rg8 29.
Ke2 Rg2 30. Ra8 Rxh2 31. Rf8 f5 32. Rf7 c5 33. Rb7 Kc6 34. Re7 Kd6 35. Rb7 cxd4 36. exd4 Kc6 37. Re7 Rh6 38. Re8 Kd7 39. Rb8 Kc7 40.
Re8 Kd7 41. Rb8 Rh4 42. Rxb6 Rxf4 43. Rb7+ Kd6 44. Rxh7 Rf3 45. Rh6 Rc3 46. d5 Rxc4 47.
dxe6 f4 48. Rf6 Rc2+ 49. Ke1 f3 50. Rh6 Ke7 51. Rg6 Rc6 52. Kd2 Rxe6 53. Rg4 Kd6 54. Ke3 Kd5 55. Rg5+ Re5 56. Rg8 Re7 57. Rg5+ Kc4 58.
Rg4 Kd5 59. Rg5+ Re5 60. Rg8 Ke6 61. Re8+ Kf5 62. Rf8+ Ke6 63. Re8+ Kd5 64. Rd8+ Ke6 65. Re8+ Kf6 66. Rf8+ 1/2-1/2

[Event "*** Titled Tuesday Blitz"]
[Site "Chess.com"]
[Date "2018.08.07"]
[Round "7"]
[White "ElHelvetico"]
[Black "Haykos"]
[Result "1-0"]
[WhiteElo "2678"]
[BlackElo "2531"]
[TimeControl "180+2"]
[EndTime "14:36:00 PDT"]
[Termination "ElHelvetico won by resignation"]

1. e4 c5 2. Nf3 e6 3. d4 cxd4 4.
Nxd4 Nf6 5. Nc3 Nc6 6. Ndb5 Bb4 7.
a3 Bxc3+ 8. Nxc3 d5 9. exd5 Nxd5 10. Nxd5 exd5 11. Bd3 Qe7+ 12. Qe2 Qxe2+ 13. Bxe2 Bf5 14. c3 O-O-O 15. O-O Rhe8 16. Bf3 Be4 17. Bxe4 dxe4 18.
Be3 b6 19. Rfd1 Na5 20. Rxd8+ Rxd8 21. Re1 Nc4 22. Bd4 f5 23. Re2 Rd7 24. a4 Kb7 25. f3 Re7 26. Kf2 Kc6 27. fxe4 fxe4 28. b3 Na5 29. Rb2 a6 30. Ke3 b5 31. axb5+ axb5 32. g4 g6 33. g5 Kd5 34. Rb1 Rf7 35. Bf6 Rf8 36. Rd1+ Ke6 37. b4 Nc4+ 38. Kxe4 h6 39. h4 hxg5 40. hxg5 Ra8 41. Rd5 Ra2 42. Rc5 Rg2 43. Kf3 Rc2 44. Rxb5 Nd6 45. Rb6 Kd5 46. Rb8 Ke6 47. Rd8 Nb5 48. Re8+ Kd5 49. Re5+ Kc6 50. Rc5+ Kb6 51. Ke4 Nd6+ 52. Kd5 Rd2+ 53. Ke6 Nb7 54. Rd5 Re2+ 55. Kf7 Kc6 56. Rd3 Nd6+ 57.
Kxg6 Ne4 58. Rf3 Kd5 59. Kf7 Nd6+ 60. Kg7 Ke6 61. Bd4 Rg2 62. g6 Nf5+ 63. Kh7 Rh2+ 64. Kg8 Ne7+ 65. Kg7 Nf5+ 66. Rxf5 Kxf5 67. Kf7 1-0

[Event "*** Titled Tuesday Blitz"]
[Site "Chess.com"]
[Date "2018.08.07"]
[Round "7"]
[White "Arystanner23"]
[Black "evgenysharapov"]
[Result "0-1"]
[WhiteElo "2565"]
[BlackElo "2367"]
[TimeControl "180+2"]
[EndTime "14:36:16 PDT"]
[Termination "evgenysharapov won by resignation"]

1. e4 c5 2. Nf3 d6 3. d4 cxd4 4. Qxd4 Bd7 5. c4 Nc6 6. Qd2 Nf6 7. Nc3 Bg4 8. Nd4 Nxd4 9. Qxd4 g6 10. Be2 Bxe2 11. Nxe2 Bg7 12. O-O O-O 13. Qd3 Nd7 14. Nc3 Rc8 15. b3 b5 16. Bg5 bxc4 17. bxc4 Ne5 18.
Qe2 h6 19. Bd2 Nxc4 20. Rac1 Nxd2 21. Qxd2 Qa5 22. Nb1 Qxd2 23. Nxd2 Rxc1 24. Rxc1 Rb8 25. Nb3 Rb4 26. f3 Ra4 27. Rc2 e6 28. Rd2 d5 29. exd5 exd5 30. Kf2 d4 31. Ke2 Kf8 32. Kd3 Ke7 33. Ke4 f5+ 34. Kd5 h5 35. Nc5 Ra3 36. Rb2 d3 37. Rd2 Bh6 38. Rxd3 Rxa2 39.
Rb3 Rxg2 40. h4 Rd2+ 41. Kc4 a5 42. Rb7+ Kd8 43. Ne6+ Kc8 44. Rc7+ Kb8 45. Rh7 Be3 46. Kb5 Rd6 47. Re7 Bf2 48. f4 Bxh4 49. Re8+ Kb7 50. Nc5+ Kc7 51. Rg8 Bf2 52. Rg7+ Kc8 53. Rg8+ Rd8 54.
Rxg6 Bxc5 55. Kxc5 Rh8 56. Rg3 h4 57. Rh3 Kd7 58.
Kb5 Kd6 59. Rd3+ Ke6 60. Rh3 Kd5 61. Kxa5 Ke4 62. Kb4 Kxf4 63. Kc3 Kg4 64. Rh1 h3 65. Kd3 h2 66. Ke3 Kg3 67. Ke2 Kg2 68. Rc1 h1=Q 69. Re1 Qxe1+ 70. Kxe1 0-1

[Event "*** Titled Tuesday Blitz"]
[Site "Chess.com"]
[Date "2018.08.07"]
[Round "7"]
[White "Morshynska"]
[Black "sandager"]
[Result "1-0"]
[WhiteElo "2136"]
[BlackElo "2035"]
[TimeControl "180+2"]
[EndTime "14:36:25 PDT"]
[Termination "Morshynska won by checkmate"]

1. d4 Nf6 2. c4 g6 3. d5 c6 4. Nc3 cxd5 5. cxd5 Bg7 6. e4 O-O 7. Nf3 Qa5 8. Bd2 Qb6 9. Bd3 d6 10. h3 Nbd7 11. Na4 Qd8 12. Rc1 a6 13. b4 b5 14. Nc3 Nb6 15. a4 Bd7 16. a5 Nc4 17.
Bxc4 bxc4 18. O-O Rc8 19. Re1 e6 20. dxe6 fxe6 21. Bf4 e5 22. Be3 Bc6 23. Bb6 Qe7 24. Qd2 Nh5 25. Rcd1 Nf4 26. Qxd6 Qxd6 27. Rxd6 Nxh3+ 28. Kf1 Nf4 29. Red1 Nd3 30. Rd2 Rf7 31. Ne1 Bf8 32.
Nxd3 Bxd6 33. Nc5 Bf8 34. Nd5 Bb5 35. Nc3 Bc6 36. Ke2 Be7 37. Nxa6 Rcf8 38. f3 g5 39. Nc5 g4 40. fxg4 Rf2+ 41. Kd1 Rxd2+ 42. Kxd2 Bg5+ 43. Ke2 Bh4 44. Nd1 c3 45. Nxc3 Rf2+ 46. Kd3 Rxg2 47. b5 Rg3+ 48. Kc4 Rxg4 49. bxc6 Be1 50. c7 Bxc3 51.
Kxc3 Kf7 52. c8=Q Rg3+ 53. Kc4 Rg1 54. Qe6+ Kg7 55. Qxe5+ Kg6 56. Qf5+ Kh6 57. Qf6+ Rg6 58. Qh4+ Kg7 59. Bd8 Kf7 60. Qe7+ Kg8 61. Ne6 Rxe6 62. Qxe6+ Kg7 63. Qf6+ Kg8 64. Be7 h5 65. Qg6+ Kh8 66.
Bf6# 1-0

[Event "*** Titled Tuesday Blitz"]
[Site "Chess.com"]
[Date "2018.08.07"]
[Round "7"]
[White "NormWeinstein"]
[Black "Marcan2b"]
[Result "1-0"]
[WhiteElo "2401"]
[BlackElo "2305"]
[TimeControl "180+2"]
[EndTime "14:36:39 PDT"]
[Termination "NormWeinstein won by resignation"]

1. e4 c5 2. Nf3 d6 3. Nc3 Nf6 4. e5 dxe5 5. Nxe5 a6 6. g3 Qc7 7. d4 cxd4 8. Qxd4 Nc6 9. Nxc6 Qxc6 10. Rg1 Qd7 11. Be3 Qxd4 12. Bxd4 Be6 13. Bg2 O-O-O 14. O-O-O g6 15. Bb6 Rxd1+ 16. Rxd1 Bh6+ 17. f4 Bg7 18. Ne4 Nxe4 19. Bxe4 h5 20. Bd5 Bxd5 21. Rxd5 Bf6 22. c3 e6 23. Rc5+ Kb8 24. Kc2 Bd8 25. Bxd8 Rxd8 26.
Re5 Kc7 27. c4 Kc6 28. b3 Rd7 29. Re1 Rd8 30. Kc3 a5 31. a3 b5 32. cxb5+ Kxb5 33. Re5+ Kb6 34. Re4 Rd1 35. Re2 Ra1 36. Kb2 Rd1 37.
b4 axb4 38. axb4 Kb5 39. Kc3 Rc1+ 40. Kd4 Kxb4 41. Ke5 Rc7 42. Rd2 Kc3 43. Rd8 Kc4 44. Kf6 Kc5 45. Rf8 Kd6 46. Rxf7 Rc2 47. Re7 Re2 48.
h4 Re3 49. Re8 Re2 50. Rd8+ Kc7 51. Rg8 Re3 52. Rxg6 Kd7 53. Rg7+ Kd6 54. Rg8 Kd7 55.
Kf7 Kd6 56. Rg5 Kd7 57. Kg6 Ke7 58. Kxh5 Kf6 59. Rg6+ Kf5 60. Kh6 Ra3 61. Rg5+ Kf6 62. Kh5 Ra1 63. Kg4 Rd1 64. Rg8 Rd7 65. h5 Rh7 66. Rg6+ Kf7 67. Kg5 Rh8 68. Rf6+ Ke7 69. g4 Rg8+ 70. Rg6 Rh8 71. Rg7+ Kf8 72. Kg6 e5 73. fxe5 Ke8 74. h6 Kf8 75. h7 1-0

[Event "*** Titled Tuesday Blitz"]
[Site "Chess.com"]
[Date "2018.08.07"]
[Round "7"]
[White "sergeikim"]
[Black "NikolaGry"]
[Result "1/2-1/2"]
[WhiteElo "2367"]
[BlackElo "2515"]
[TimeControl "180+2"]
[EndTime "14:37:02 PDT"]
[Termination "Game drawn by repetition"]

1. d4 d5 2. c4 c6 3. Nf3 Nf6 4. Qc2 g6 5. e3 Bg7 6. Bd3 O-O 7. Nbd2 e6 8. O-O Nbd7 9. b3 b6 10. Bb2 c5 11. Rfd1 Bb7 12. dxc5 Nxc5 13. Be2 Rc8 14. Rac1 Qe7 15. Ba3 Rfd8 16. Qb1 Qe8 17. h3 h6 18. Bb2 a5 19. Qa1 Qe7 20. cxd5 Bxd5 21. Nc4 Bxc4 22. Bxc4 Ne8 23. Bxg7 Nxg7 24. Qe5 Nf5 25. e4 Nd6 26. Re1 Nxc4 27. bxc4 Nd3 28. Qb5 Nxe1 29.
Rxe1 Qc5 30. Qa6 Qxc4 31. Qxb6 Qxa2 32. Qa7 Qb2 33. Qxa5 Qf6 34. e5 Qg7 35. Qb4 Rd5 36. Qf4 Rcd8 37. h4 Rc8 38. Rc1 Rxc1+ 39. Qxc1 Qf8 40.
Qf4 Kg7 41. Qf6+ Kg8 42. Qf4 Qg7 43. g3 g5 44. hxg5 hxg5 45. Qg4 Rxe5 46. Nxe5 Qxe5 47. Kg2 Qg7 48. Qe4 Qf6 49. Qg4 Qg6 50. Qd4 Kh7 51.
Qd7 g4 52. Qe7 Qf5 53. Qh4+ Kg6 54. Qh8 Qf3+ 55. Kg1 Qf6 56. Qg8+ Qg7 57. Qd8 f5 58. Qe8+ Qf7 59. Qh8 f4 60. gxf4 Qxf4 61. Qg8+ Kf5 62. Qh7+ Ke5 63. Qg7+ Ke4 64. Qg6+ Qf5 65. Qg7 Kf4 66.
Qh6+ Ke4 67. Qe3+ Kd5 68. Qb3+ Kd6 69. Qb6+ Ke7 70. Qc7+ Kf6 71. Qd8+ Kg6 72. Qg8+ Kh5 73. Qh8+ Kg5 74. Qg8+ Kf4 75. Qb8+ e5 76. Qd6 Qb1+ 77. Kg2 Qe4+ 78. Kg1 Kf3 79. Qd1+ Qe2 80. Qd5+ Qe4 81. Qd1+ Kf4 82. Qd2+ Kf5 83. Qd7+ Kf4 84. Qd2+ Kf3 85. Qd1+ 1/2-1/2

[Event "*** Titled Tuesday Blitz"]
[Site "Chess.com"]
[Date "2018.08.07"]
[Round "7"]
[White "saraswathii"]
[Black "gmjlh"]
[Result "0-1"]
[WhiteElo "2293"]
[BlackElo "2722"]
[TimeControl "180+2"]
[EndTime "14:37:54 PDT"]
[Termination "gmjlh won by checkmate"]

1. e4 c6 2. d3 d5 3. Nd2 e5 4. Ngf3 Bd6 5. g3 Nf6 6. Bg2 O-O 7. O-O a5 8. Qe2 Re8 9. h3 a4 10. a3 Nbd7 11. Nh4 Bf8 12. Re1 Nc5 13. Nf1 dxe4 14. dxe4 Ne6 15. c3 b6 16. Nf5 Ba6 17. Qf3 Qd3 18.
Be3 Nc5 19. Nd2 Re6 20. g4 g6 21. Ng3 Qc2 22. h4 Qxb2 23. g5 Nfd7 24. Bh3 Qxc3 25. Bxe6 Nxe6 26. h5 c5 27. hxg6 hxg6 28. Kg2 Nf4+ 29.
Bxf4 Qxf3+ 30. Kxf3 exf4 31. Kxf4 Bd6+ 32. Kf3 Ne5+ 33.
Kg2 Nd3 34. Reb1 b5 35. Ne2 Be5 36. Ra2 Rd8 37. Nf3 Bg7 38. Rd2 c4 39. Kg3 Re8 40. Nf4 Nc5 41. Kg2 Nxe4 42. Re2 Kf8 43. Nd5 Nc3 44. Rxe8+ Kxe8 45. Re1+ Kd7 46. Re7+ Kd6 47.
Rxf7 Kxd5 48. Rxg7 b4 49. axb4 a3 50. Rxg6 Bb7 51.
Rh6 a2 52. Rh1 Nb1 53. Rd1+ Ke6 54. Re1+ Kf5 55. Re5+ Kg4 56. Ra5 Bxf3+ 57. Kh2 Nc3 58. g6 Bd5 59. g7 Bg8 60. b5 Nxb5 61. Rxa2 c3 62. Ra4+ Kf3 63. Ra5 c2 64. Ra1 Kxf2 65.
Rc1 Nd4 66. Kh3 Ke2 67. Kg4 Kd2 68. Rxc2+ Kxc2 69. Kg5 Ne6+ 70. Kf6 Kd3 71. Ke7 Ke4 72. Kf6 Kd5 73. Ke7 Ke5 74. Ke8 Kf6 75. Kd7 Nxg7 76. Kd6 Be6 77. Kc5 Ke5 78. Kc6 Bd5+ 79. Kd7 Nf5 80.
Kc7 Nd6 81. Kd7 Nb7 82. Ke7 Nc5 83. Kf8 Kf6 84. Ke8 Bf3 85. Kd8 Ke6 86. Kc7 Nd7 87. Kd8 Kd6 88. Ke8 Bd5 89. Kd8 Bf7 90. Kc8 Nc5 91.
Kd8 Nb7+ 92. Kc8 Kc6 93. Kb8 Kb6 94. Kc8 Be6+ 95. Kb8 Nc5 96. Ka8 Bf5 97. Kb8 Na6+ 98. Ka8 Be4# 0-1

[Event "*** Titled Tuesday Blitz"]
[Site "Chess.com"]
[Date "2018.08.07"]
[Round "7"]
[White "GameOverBro"]
[Black "rikyshi"]
[Result "1/2-1/2"]
[WhiteElo "2360"]
[BlackElo "2208"]
[TimeControl "180+2"]
[EndTime "14:39:12 PDT"]
[Termination "Game drawn - insufficient material"]

1. e4 c6 2. Nc3 d5 3. Nf3 Nf6 4. e5 Ne4 5. Ne2 Qb6 6. d4 e6 7. Ng3 c5 8. Bd3 Nxg3 9. hxg3 Nc6 10. c3 cxd4 11. cxd4 Bd7 12. Bc2 Be7 13. a3 h6 14.
g4 Rg8 15. Bh7 Rh8 16. Bc2 Rg8 17. g3 O-O-O 18. Kf1 Kb8 19. Kg2 Rc8 20. b4 a5 21.
b5 Qxb5 22. Rb1 Qa6 23. Bd3 Qa7 24. Be3 a4 25. g5 hxg5 26. Nxg5 Bxa3 27. Nxf7 Be7 28.
Nd6 Bxd6 29. exd6 Na5 30. Rh7 Ka8 31. Qh5 Rb8 32. Qf7 Bc6 33. Qxe6 Nc4 34. d7 Rbd8 35. Bxc4 dxc4+ 36. d5 Bxd7 37. Qxg8 Rxg8 38. Bxa7 Bf5 39. Ra1 Bxh7 40. Rxa4 b5 41. Ra5 Kb7 42. Bd4 Be4+ 43. f3 Bxd5 44. Rxb5+ Kc6 45. Rb6+ Kd7 46.
Rg6 Be6 47. Kf2 Kd6 48. Bxg7 Kd5 49. g4 c3 50. Rxe6 Kxe6 51. Bxc3 Rc8 52. Bd4 Kd5 53.
Be3 Ke5 54. Bh6 Rc6 55. Bd2 Rd6 56. Ke3 Rc6 57. f4+ Kf6 58. Ke4 Re6+ 59. Kf3 Rd6 60. Bc3+ Kg6 61. Ke4 Rc6 62. Bd2 Rc4+ 63. Kd5 Rc2 64.
Be3 Re2 65. Ke4 Rg2 66. Kf3 Ra2 67. f5+ Kf6 68. Bd4+ Kg5 69. Bc5 Rc2 70. Be7+ Kh6 71. Kf4 Rc4+ 72. Kg3 Rc3+ 73. Kh4 Rc4 74. Bg5+ Kg7 75.
Kh5 Rc2 76. Bf4 Rc4 77. Be5+ Kf7 78. Bd6 Rd4 79. Bc5 Rd5 80. Bb6 Rb5 81. Bc7 Kf6 82. Bd8+ Kf7 83. Kh6 Rd5 84. Bc7 Rc5 85. Bb8 Rc4 86.
Kh5 Rb4 87. Bd6 Rd4 88. Ba3 Rd3 89. Bb2 Rb3 90. Ba1 Ra3 91. Be5 Re3 92. Bf4 Rf3 93. Kg5 Rh3 94. Be5 Re3 95. Kf4 Rb3 96. g5 Rb4+ 97.
Kf3 Rb5 98. Ke4 Rb4+ 99. Bd4 Ra4 100. g6+ Kg8 101. Ke5 Ra6 102. Be3 Rc6 103. f6 Rc7 104. Ke6 Rc6+ 105. Ke7 Rc7+ 106. Kd6 Rb7 107. Bc5 Rg7 108. Ke6 Rxg6 109. Ke7 Rg7+ 110. Ke8 Rf7 111. Be7 Rxf6 112. Bxf6 1/2-1/2

[Event "*** Titled Tuesday Blitz"]
[Site "Chess.com"]
[Date "2018.08.07"]
[Round "7"]
[White "David_Klein"]
[Black "thegreendog"]
[Result "1/2-1/2"]
[WhiteElo "2511"]
[BlackElo "2346"]
[TimeControl "180+2"]
[EndTime "14:40:38 PDT"]
[Termination "Game drawn by stalemate"]

1. e4 c5 2. Nf3 d6 3. c3 Nf6 4. Be2 Nc6 5. d4 cxd4 6. cxd4 e6 7. Nc3 Be7 8. O-O O-O 9. Re1 b6 10. Bd3 e5 11. Bb5 Nxd4 12. Nxd4 exd4 13. Qxd4 Bb7 14.
Bf4 Nh5 15. Be3 Nf6 16. Rad1 Qc7 17. Bf4 Rad8 18. h3 Qc5 19. Qd3 d5 20. e5 Ne4 21.
Be3 Qc7 22. Bd4 Bc5 23. Ba4 Qe7 24. Nxe4 dxe4 25. Bxc5 bxc5 26. Qc3 Rd5 27. Bb3 Rxe5 28. Rd7 Qxd7 29. Qxe5 Qd4 30. Qe7 Ba8 31. Rd1 Qf6 32. Qxc5 h6 33. Qxa7 Qxb2 34. Bxf7+ Rxf7 35. Qxa8+ Kh7 36. Qxe4+ g6 37. f3 Qxa2 38. Kh2 Qa6 39. Qe5 Qf6 40. Qg3 h5 41. Rd6 Qf5 42. h4 Rd7 43. Rxd7+ Qxd7 44. Qf4 Qe7 45. Kg3 Qe1+ 46. Kh2 Qe7 47. Qg3 Kh6 48.
Qf4+ Kh7 49. Qg5 Qd6+ 50. Kh3 Qe6+ 51. Kg3 Qd6+ 52. Kf2 Qb6+ 53. Kg3 Qd6+ 54. Qf4 Qe7 55. Kh3 Qe6+ 56. Kh2 Qe7 57. Qd4 Qe6 58. Qa7+ Kh8 59.
Qb8+ Kh7 60. Qc7+ Kh8 61. Qd8+ Kh7 62. Qd4 Qe7 63. Qf4 Qe6 64. Qc7+ Kh8 65. Kg3 Qf5 66. Qe7 Kg8 67. Kh2 Qf4+ 68. Kh3 Qf5+ 69. Kg3 Kh8 70.
Qg5 Qe6 71. Qd8+ Kh7 72. Qc7+ Kg8 73. Qb8+ Kh7 74. Qb4 Qe5+ 75. Qf4 Qe1+ 76. Kh2 Qe6 77. Qg3 Qe7 78. Kh3 Qe6+ 79. Kh2 Qe7 80. Qf2 Qe5+ 81. g3 Qe6 82. Kg2 Qe5 83. Qd2 Kg8 84. Qd3 Kh7 85. Qd7+ Kg8 86. Qd8+ Kh7 87. Qd2 Kg8 88. Qa2+ Kh7 89.
Qf7+ Kh8 90. Qc4 Kg7 91. g4 hxg4 92. fxg4 Qb2+ 93. Kf3 Qa3+ 94. Kf4 Qd6+ 95. Kf3 Qa3+ 96. Kf2 Qa7+ 97. Kg2 Qb7+ 98. Kg3 Qb8+ 99. Qf4 Qb3+ 100. Qf3 Qb8+ 101. Kh3 Qe5 102. Qg3 Qe4 103. Qc7+ Kg8 104. Qd8+ Kg7 105. Qd7+ Kg8 106. Qc8+ Kg7 107. Qc3+ Kg8 108. Kg3 Qd5 109. Qc8+ Kg7 110. Qc7+ Kg8 111. Qb8+ Kg7 112. Qb2+ Kg8 113. Qf2 Qd6+ 114. Qf4 Qd3+ 115. Qf3 Qd6+ 116. Kh3 Qd4 117. Qb3+ Kg7 118. Qb7+ Kg8 119. Qc8+ Kg7 120. Qc7+ Kg8 121. Qb8+ Kg7 122. Qb7+ Kg8 123. Qf3 Kg7 124. Kh2 Qe5+ 125. Kg2 Qb2+ 126. Kh3 Qe5 127. g5 Qe6+ 128. Kh2 Qe5+ 129. Kh1 Qe1+ 130. Kg2 Qxh4 131. Qf6+ Kh7 132. Qf7+ Kh8 133. Qf8+ Kh7 134. Qe7+ Kg8 135. Qe8+ Kh7 136. Qf7+ Kh8 137. Qf6+ Kh7 138. Qf7+ Kh8 139. Qxg6 Qg3+ 140. Kf1 Qf2+ 141. Kxf2 1/2-1/2

[Event "*** Titled Tuesday Blitz"]
[Site "Chess.com"]
[Date "2018.08.07"]
[Round "8"]
[White "FearlessKing64"]
[Black "Perecke"]
[Result "1-0"]
[WhiteElo "2228"]
[BlackElo "1917"]
[TimeControl "180+2"]
[EndTime "14:42:22 PDT"]
[Termination "FearlessKing64 won by resignation"]

1. e4 e5 2. Nf3 Nc6 3. Bc4 Bc5 4. b4 Bxb4 5. c3 Ba5 6. d4 exd4 7. O-O Nge7 8. Ng5 O-O 9. Qh5 h6 10. Nxf7 Rxf7 11.
Bxf7+ Kf8 12. Bb3 Qe8 13. Qf3+ 1-0

[Event "*** Titled Tuesday Blitz"]
[Site "Chess.com"]
[Date "2018.08.07"]
[Round "8"]
[White "Quiet_Desperation"]
[Black "misha_melnichuk"]
[Result "0-1"]
[WhiteElo "1923"]
[BlackElo "2606"]
[TimeControl "180+2"]
[EndTime "14:42:25 PDT"]
[Termination "misha_melnichuk won by resignation"]

1. e4 c5 2. Nf3 Nc6 3. d4 cxd4 4. Nxd4 g6 5. Nc3 Bg7 6. Be3 Nf6 7. Bc4 Qa5 8. Bb3 Nxe4 9. O-O Nxc3 10. bxc3 Qxc3 11.
Nb5 Qa5 12. a4 O-O 13. Rb1 a6 14. Nd4 d6 15. Qd2 Qxd2 0-1

[Event "*** Titled Tuesday Blitz"]
[Site "Chess.com"]
[Date "2018.08.07"]
[Round "8"]
[White "albi1999"]
[Black "josiwales"]
[Result "1-0"]
[WhiteElo "2405"]
[BlackElo "2505"]
[TimeControl "180+2"]
[EndTime "14:42:40 PDT"]
[Termination "albi1999 won by resignation"]

1. d4 d5 2. c4 c6 3. Nc3 Nf6 4. cxd5 cxd5 5. Bf4 Nc6 6. e3 Bg4 7. Nf3 Ne4 8. Qb3 Na5 9. Bb5+ Bd7 10. Qxd5 Nxc3 11. bxc3 e6 12. Bxd7+ 1-0

[Event "*** Titled Tuesday Blitz"]
[Site "Chess.com"]
[Date "2018.08.07"]
[Round "8"]
[White "JoakimVonAnd"]
[Black "MFBerna"]
[Result "0-1"]
[WhiteElo "2370"]
[BlackElo "2299"]
[TimeControl "180+2"]
[EndTime "14:43:44 PDT"]
[Termination "MFBerna won by resignation"]

1. d4 d5 2. c4 c6 3. Nf3 Nf6 4. e3 e6 5. b3 Bd6 6. Bd3 O-O 7. O-O Nbd7 8. Nbd2 e5 9. dxe5 Nxe5 10. Nxe5 Bxe5 11. Rb1 Bg4 12. Be2 Bf5 13. Bb2 Bxb1 14.
Bxe5 Bg6 15. Qa1 dxc4 16. Nxc4 Ne8 17. Rd1 Qe7 18. Nd6 f6 19. Bc4+ Kh8 20. Nxe8 fxe5 21.
Nd6 Rad8 0-1

[Event "*** Titled Tuesday Blitz"]
[Site "Chess.com"]
[Date "2018.08.07"]
[Round "8"]
[White "francogreek"]
[Black "murmah2003"]
[Result "0-1"]
[WhiteElo "2415"]
[BlackElo "2561"]
[TimeControl "180+2"]
[EndTime "14:44:52 PDT"]
[Termination "murmah2003 won by resignation"]

1. e4 c5 2. a3 g6 3. h4 h6 4. h5 g5 5. Bc4 Bg7 6. Nc3 e6 7. d3 Ne7 8. Nf3 d5 9. exd5 exd5 10. Ba2 Bg4 11. Bd2 Nbc6 12. Be3 d4 13. Bxf7+ Kxf7 14. Nxg5+ hxg5 15. Qxg4 dxc3 16. Bxg5 cxb2 17. Rb1 Qd5 18. h6 Qe6+ 19. Qxe6+ Kxe6 20. Kd2 Bf6 21. Rbe1+ Kf7 22. Be3 Nd5 23. Bxc5 Bc3+ 24. Ke2 Rae8+ 0-1